 Dungeon Crawl Stone Soup version 0.26.1-2-gb8aa6d0 (webtiles) character file.

Game seed: 12724808672683949861

21831 ChanningTatum the Cleaver (level 12, -1/110 HPs)
             Began as a Minotaur Berserker on July 4, 2021.
             Was a High Priest of Trog.
             Slain by a tentacled starspawn (14 damage)
             ... on level 1 of the Abyss on July 6, 2021.
             The game lasted 03:19:28 (14828 turns).

ChanningTatum the Cleaver (Minotaur Berserker)     Turns: 14828, Time: 03:19:29

Health: -1/110     AC: 17    Str: 26    XL:     12   Next: 57%
Magic:  2/11       EV: 14    Int:  4    God:    Trog [*****.]
Gold:   678        SH:  4    Dex: 11    Spells: 11/11 levels left

rFire    + . .     SeeInvis .   z - +4 war axe
rCold    . . .     Faith    .   s - +0 buckler
rNeg     . . .     Spirit   .   E - +0 shadow dragon scales
rPois    .         Reflect  .   (helmet restricted)
rElec    .         Harm     .   F - +0 cloak
rCorr    .         Rampage  .   D - +0 pair of gloves
Will     .....                  (no boots)
Stlth    +++.......             d - amulet of the acrobat
HPRegen  0.28/turn              (no ring)
MPRegen  0.12/turn              H - ring of protection from fire

@: about to teleport, berserk cooldown, slowed, very slow
A: retaliatory headbutt, horns 2, blurry vision 1, mutation resistance 1, sense
surroundings 1, sturdy frame 1
a: Renounce Religion, Berserk, Trog's Hand, Brothers in Arms


You were on level 1 of the Abyss.
You worshipped Trog.
Trog was extremely pleased with you.
You visited 2 branches of the dungeon, and saw 13 of its levels.
You visited the Abyss 1 time.

You collected 678 gold pieces.

Inventory:

Hand Weapons
 y - a +0 flail of holy wrath
 z - a +4 war axe (weapon)
 L - a +1 short sword of draining
 O - the +9 hunting sling of Misery {venom, rN+}
   (You took it off an orc on level 5 of the Dungeon)

   It poisons the ammo it fires.
   It protects you from negative energy.
 P - a +2 mace of venom
Missiles
 g - 61 sling bullets
 i - 124 bolts
 n - 28 poisoned darts (quivered)
 w - 205 arrows
 A - 4 large rocks
 B - 502 stones
 G - 5 datura-tipped darts
 X - 3 atropa-tipped darts
Armour
 s - a +0 buckler (worn)
 D - a +0 pair of gloves (worn)
 E - +0 shadow dragon scales (worn)
 F - a +0 cloak (worn)
Jewellery
 d - an amulet of the acrobat (around neck)
 H - a ring of protection from fire (right hand)
 J - an uncursed amulet of regeneration
 T - an uncursed ring of fire
Wands
 b - a wand of enslavement (7)
 I - a wand of flame (83)
 Q - a wand of iceblast (5)
 R - a wand of polymorph (5)
 U - a wand of acid (11)
 Y - a wand of digging (6)
Scrolls
 e - a scroll of silence
 f - 7 scrolls of identify
 h - 7 scrolls of remove curse
 j - 3 scrolls of fog
 k - a scroll of enchant weapon
 l - a scroll of blinking
 r - 4 scrolls of teleportation
 v - 3 scrolls of magic mapping
 C - a scroll of enchant armour
 K - 2 scrolls of amnesia
 M - a scroll of noise {unknown}
 W - a scroll of brand weapon {unknown}
Potions
 c - a potion of heal wounds
 m - 2 potions of brilliance
 o - 2 potions of might
 p - 3 potions of mutation
 q - 2 potions of flight
 t - 3 potions of lignification
 u - a potion of magic {unknown}
 x - 2 potions of curing
 N - a potion of resistance {unknown}
 S - 2 potions of degeneration
 V - a potion of cancellation {unknown}
 Z - a potion of berserk rage {unknown}


   Skills:
 + Level 11.1 Fighting
 * Level 14.6 Axes
 - Level 5.0 Slings
 + Level 10.8 Armour
 + Level 9.9 Dodging
 - Level 4.0 Shields
 - Level 5.0 Evocations


You had 11 spell levels left.
You didn't know any spells.
Your spell library contained the following spells:

 Spells                   Type           Power        Failure   Level
 Beastly Appendage        Tmut           0%           87%         1
 Wereblood                Tmut           0%           95%         2
 Spider Form              Tmut/Pois      0%           99%         3
 Ice Form                 Ice/Tmut       0%           100%        4
 Blade Hands              Tmut           0%           100%        5


Dungeon Overview and Level Annotations

Branches:
Dungeon (8/15)             Temple (0/1) D:6            Lair (5/6) D:8
 Shoals (0/4) Lair:2       Spider (0/4) Lair:3
  Slime: Lair:5-6

Altars:
Fedhas
Vehumet
Wu Jian
Xom
The Shining One

Annotations:
D:6 exclusion: oklob plant
Lair:5 Sonja


Innate Abilities, Weirdness & Mutations

You reflexively headbutt those who attack you in melee.
You have a pair of horns on your head.
Scrolls take you a little longer to read.
You are somewhat resistant to further mutation.
You passively map a small area around you.
Your movements are slightly less encumbered by armour. (ER -2)


Message History

You can move again.
Really read with blurry vision while enemies are nearby? [Y]es or [N]o only, please.
Really read with blurry vision while enemies are nearby?
The starcursed mass engulfs you but does no damage.
A starcursed mass splits.
The merfolk siren hits you but does no damage.
The blizzard demon waves its arms in wide circles.
The air twists around and strikes you!
* * * LOW HITPOINT WARNING * * *
The worldbinder hits you but does no damage. x2
The rakshasa misses you.
You begin reading the scroll.
You continue reading the scroll.
A starcursed mass splits.
The worldbinder calls forth creatures from the Shoals!
The tormentor calls on the powers of darkness!
Your body is wracked with pain!
* * * LOW HITPOINT WARNING * * *
The tentacled starspawn bites you!
You die...

# # .
.....# W.
.. .
2...###
X5#2z....
#XXX4.
#####LRX
#?.#XX# .
##.#@X#
##Xx## ##
#w##m#
...


mm. #.## .#..# #. ..#.# # .# .. #. .. You could see 7 starcursed masses, a
tentacled starspawn, a lich, a blizzard demon (summoned), a rakshasa, 3 merfolk
sirens, a worldbinder, a tormentor (summoned), a chaos spawn, a wraith, a
starspawn tentacle, a flying skull and a quasit.

Vanquished Creatures
  Rupert (Lair:3)
  2 hydras
  A catoblepas (Lair:3)
  A soul eater (Abyss:1)
  A spatial maelstrom (Abyss:1)
  Pikel (D:6)
  6 elephants (Lair:2)
  13 cane toads
  A torpor snail (Lair:3)
  A rime drake (Lair:4)
  A dire elephant skeleton (Abyss:1)
  A shock serpent skeleton (Abyss:1)
  4 komodo dragons
  An ancient zyme (Abyss:1)
  A polar bear (Lair:1)
  8 blink frogs
  Prince Ribbit (D:5)
  A ynoxinul (Abyss:1)
  10 yaks (Lair:3)
  A redback (Lair:3)
  A wraith (D:8)
  6 water moccasins
  2 orc warriors
  3 sky beasts (D:8)
  An eye of draining (Abyss:1)
  3 ice beasts
  6 wolves
  2 phantoms
  A centaur (D:5)
  2 lemures (D:6)
  9 bullfrogs
  3 scorpions
  An electric eel (Lair:1)
  A howler monkey (D:8)
  A bullfrog zombie (D:8)
  A starcursed mass (Abyss:1)
  2 hounds (D:7)
  2 bullfrog skeletons
  5 orc priests
  A centaur skeleton (D:7)
  A jelly (D:7)
  10 orc wizards
  3 iguanas
  4 worker ants
  3 hound skeletons (D:7)
  A worker ant zombie (D:7)
  8 adders
  8 gnolls
  2 shadow imps
  2 white imps
  An ufetubus (D:7)
  An adder skeleton (D:4)
  2 adder zombies (D:7)
  2 worms
  A dart slug (D:2)
  2 leopard geckos (D:3)
  26 orcs
  8 bats
  5 giant cockroaches
  7 goblins
  8 hobgoblins
  14 jackals
  10 kobolds
  2 quokkas
  2 ball pythons (D:7)
  3 frilled lizards
  A giant cockroach zombie (D:5)
  9 rats
256 creatures vanquished.

Vanquished Creatures (others)
  14 fungi
  22 plants
  A starspawn tentacle (Abyss:1)
37 creatures vanquished.

Grand Total: 293 creatures vanquished

Notes
Turn   | Place    | Note
-------+----------+-------------------------------------------
     0 | D:1      | ChanningTatum the Minotaur Berserker began the quest for
                  | the Orb.
     0 | D:1      | Reached XP level 1. HP: 19/19 MP: 0/0
   573 | D:1      | Reached XP level 2. HP: 25/27 MP: 1/1
   639 | D:1      | Reached skill level 4 in Axes
  1165 | D:2      | Reached XP level 3. HP: 33/33 MP: 2/2
  1216 | D:2      | Reached ** piety under Trog
  2014 | D:3      | Reached XP level 4. HP: 40/40 MP: 3/3
  2281 | D:3      | Found a glowing golden altar of the Shining One.
  2581 | D:3      | Found a faded altar of an unknown god.
  2749 | D:3      | Reached skill level 5 in Axes
  3149 | D:4      | Found a radiant altar of Vehumet.
  3297 | D:4      | Reached XP level 5. HP: 47/47 MP: 4/4
  3302 | D:4      | Reached *** piety under Trog
  3749 | D:5      | Entered Level 5 of the Dungeon
  3792 | D:5      | Reached XP level 6. HP: 35/55 MP: 5/5
  3873 | D:5      | Reached skill level 5 in Fighting
  3873 | D:5      | Reached skill level 6 in Axes
  3941 | D:5      | Identified the +9 hunting sling of Misery {venom, rN+}
  4155 | D:5      | Gained mutation: You passively map a small area around you.
                  | [potion of mutation]
  4155 | D:5      | Gained mutation: Scrolls take you a little longer to read.
                  | [potion of mutation]
  4155 | D:5      | Gained mutation: You are somewhat resistant to further
                  | mutation. [potion of mutation]
  4155 | D:5      | Gained mutation: Your movements are slightly less
                  | encumbered by armour. (ER -2) [potion of mutation]
  4294 | D:5      | Reached XP level 7. HP: 60/61 MP: 6/6
  4492 | D:5      | Reached skill level 7 in Axes
  4646 | D:5      | Reached skill level 5 in Armour
  4676 | D:5      | Noticed Prince Ribbit
  4679 | D:5      | Killed Prince Ribbit
  5111 | D:6      | Found a staircase to the Ecumenical Temple.
  5148 | D:6      | Found a blossoming altar of Fedhas.
  5188 | D:6      | Noticed Pikel
  5193 | D:6      | Killed Pikel
  5194 | D:6      | Reached skill level 8 in Axes
  5194 | D:6      | Reached skill level 5 in Dodging
  5194 | D:6      | Reached XP level 8. HP: 71/71 MP: 7/7
  5200 | D:6      | Noticed an oklob plant
  5560 | D:6      | Found a shimmering altar of Xom.
  5644 | D:6      | Reached skill level 9 in Axes
  6328 | D:7      | Reached **** piety under Trog
  6353 | D:7      | Reached skill level 1 in Evocations
  6358 | D:7      | Reached XP level 9. HP: 79/79 MP: 8/8
  7224 | D:7      | Reached skill level 1 in Shields
  7474 | D:8      | Found a staircase to the Lair.
  7645 | D:8      | Reached skill level 10 in Axes
  8062 | D:8      | Found an ornate altar of the Wu Jian Council.
  8354 | Lair:1   | Entered Level 1 of the Lair of Beasts
  8364 | Lair:1   | Noticed a cane toad
  8383 | Lair:1   | Killed a cane toad
  8463 | Lair:1   | Noticed a komodo dragon
  8493 | Lair:1   | Killed a komodo dragon
  8565 | Lair:1   | Noticed a cane toad
  8574 | Lair:1   | Killed a cane toad
  8574 | Lair:1   | Reached ***** piety under Trog
  8575 | Lair:1   | Reached skill level 11 in Axes
  8575 | Lair:1   | Reached XP level 10. HP: 80/89 MP: 9/9
  8661 | Lair:1   | Noticed a six-headed hydra
  8670 | Lair:1   | Killed a six-headed hydra
  9158 | Lair:1   | Noticed a cane toad
  9158 | Lair:1   | Noticed a cane toad
  9182 | Lair:1   | Killed a cane toad
  9183 | Lair:1   | Killed a cane toad
  9184 | Lair:1   | Reached skill level 12 in Axes
  9876 | Lair:2   | Reached skill level 1 in Slings
  9933 | Lair:2   | Found a staircase to the Shoals.
  9966 | Lair:2   | Noticed an elephant
  9967 | Lair:2   | Noticed an elephant
  9967 | Lair:2   | Noticed an elephant
  9968 | Lair:2   | Noticed an elephant
  9969 | Lair:2   | Noticed an elephant
  9969 | Lair:2   | Noticed an elephant
  9994 | Lair:2   | Killed an elephant
 10001 | Lair:2   | Killed an elephant
 10005 | Lair:2   | Killed an elephant
 10006 | Lair:2   | Reached XP level 11. HP: 97/97 MP: 10/10
 10017 | Lair:2   | Reached skill level 5 in Slings
 10102 | Lair:2   | Reached skill level 5 in Evocations
 11948 | Lair:3   | Noticed a catoblepas
 11984 | Lair:3   | Killed a catoblepas
 11985 | Lair:3   | Reached skill level 13 in Axes
 12044 | Lair:3   | Found a hole to the Spider Nest.
 12200 | Lair:3   | Reached skill level 10 in Fighting
 12392 | Lair:3   | Noticed Rupert
 12418 | Lair:3   | Killed Rupert
 12419 | Lair:3   | Reached skill level 10 in Armour
 12419 | Lair:3   | Reached XP level 12. HP: 99/106 MP: 11/11
 13137 | Lair:4   | Noticed a six-headed hydra
 13150 | Lair:4   | Killed a six-headed hydra
 13409 | Lair:4   | Reached skill level 14 in Axes
 14330 | Lair:5   | Noticed Sonja
 14418 | Lair:5   | Cast into level 1 of the Abyss (Sonja)
 14808 | Abyss:1  | Noticed a tentacled starspawn
 14819 | Abyss:1  | Noticed a starcursed mass
 14820 | Abyss:1  | Noticed a lich
 14820 | Abyss:1  | Noticed a rakshasa
 14825 | Abyss:1  | Noticed a blizzard demon
 14826 | Abyss:1  | Paralysed by accursed screaming for 1 turns
 14828 | Abyss:1  | Slain by a tentacled starspawn

Illustrated notes

Levels and vault maps discovered:
D:1:      zelgadis_glass_arrival_small, layout_basic
D:2:      layout_rooms, hangedman_decor_riveting
D:3:      layout_basic, chequers_ecumenical_altar_lobes,
          nicolae_tso_swordbearing_angel
D:4:      layout_rooms, vehumet_altar_wand_db
D:5:      layout_basic, sigmund_army, uniq_prince_ribbit1
D:6:      layout_basic, minmay_temple_entry_offerings, basic_altar, tgw_fedhas,
          uniq_pikel
D:7:      layout_gridville, grunt_ministairs_6, grunt_tough_drop
D:8:      layout_basic, nzn_wu_jian_contemplation, lair_entry_dummy
Lair:1:   layout_regular_city, serial_bayou_shore_a
Lair:2:   layout_cave_pods, shoals_dummy_entry
Lair:3:   layout_gridlike, spider_nest_entry_webs, st_stairs_4,
          lemuel_fruit_fields, uniq_rupert
Lair:4:   layout_long_grid, st_stairs_10, infiniplex_staircase_pool
Lair:5:   layout_concentric_octagons, slime_dummy, st_stairs_7, minivault_26,
          uniq_kirke, uniq_sonja
Abyss:1:  base:
D:14

Skill      XL: |  1  2  3  4  5  6  7  8  9 10 11 12 |
---------------+-------------------------------------+-----
Axes           | 4 5 6 8 9 11 12 13 14 | 14.6
Fighting       | 4 5 6 7 8 9 10 11 | 11.1
Armour         | 3 4 6 7 8 10 | 10.8
Dodging        | 3 4 5 6 7 9 |  9.9
Evocations     | 1 3 5 |  5.0
Shields        | 4 |  4.0
Slings         | 4 5 |  5.0

Action                   |  1- 3 |  4- 6 |  7- 9 | 10-12 || total
-------------------------+-------+-------+-------+-------++-------
Melee: Hand axe          |    99 |   147 |       |       ||   246
       Headbutt          |    11 |    19 |    27 |    70 ||   127
       Flail             |       |     4 |     3 |       ||     7
       Mace              |       |       |    15 |    16 ||    31
       War axe           |       |       |   145 |   274 ||   419
       Hunting sling     |       |       |     2 |     5 ||     7
 Fire: Hunting sling     |     4 |    11 |    97 |    73 ||   185
Throw: Dart              |       |       |       |    16 ||    16
Invok: Berserk           |     3 |     2 |     1 |     7 ||    13
       Trog's Hand       |       |       |     2 |     3 ||     5
       Brothers in Arms  |       |       |       |     1 ||     1
Evoke: Wand              |       |       |     2 |     1 ||     3
  Use: Scroll            |     3 |     4 |     8 |     7 ||    22
       Potion            |     1 |     3 |       |     3 ||     7
 Stab: Sleeping          |     1 |       |     1 |       ||     2
Armor: Animal skin       |     4 |       |       |       ||     4
       Leather armour    |     4 |       |       |       ||     4
       Plate armour      |    33 |    49 |       |       ||    82
       Shadow dragon sca |       |    39 |    73 |   138 ||   250
Dodge: Dodged            |    50 |    33 |    71 |   177 ||   331
Block: Buckler           |       |       |    10 |    74 ||    84
